 Dungeon Crawl Stone Soup version 0.23.0 (webtiles) character file.

Game seed: 3938636416605736552

171 misha the Shield-Bearer (level 5, 0/46 HPs)
             Began as a Minotaur Fighter on Feb 17, 2019.
             Slain by a gnoll
             ... wielding a +0 club
              (2 damage)
             ... on level 3 of the Dungeon.
             The game lasted 00:08:35 (2133 turns).

misha the Shield-Bearer (Minotaur Fighter)          Turns: 2133, Time: 00:08:35

Health: 0/46       AC:  7    Str: 26    XL:     5   Next: 26%
Magic:  4/4        EV:  8    Int:  5    God:
Gold:   157        SH: 10    Dex: 10    Spells: 4/4 levels left

rFire    . . .     SeeInvis .   a - +0 flail
rCold    . . .     Gourm    .   c - +0 shield
rNeg     . . .     Faith    .   b - +0 scale mail
rPois    .         Spirit   .   (helmet restricted)
rElec    .         Reflect  .   (no cloak)
rCorr    .         Harm     .   (no gloves)
MR       .....                  (no boots)
Stlth    ..........             (no amulet)
HPRegen  0.15/turn              (no ring)
MPRegen  0.09/turn              (no ring)

@: mighty
A: retaliatory headbutt, horns 2
a: no special abilities


You were on level 3 of the Dungeon.
You were not hungry.

You visited 1 branch of the dungeon, and saw 3 of its levels.

You collected 157 gold pieces.

Inventory:

Hand Weapons
 a - a +0 flail (weapon)
Armour
 b - a +0 scale mail (worn)
 c - a +0 shield (worn)
Jewellery
 h - a cursed ring of attention {unknown}
 m - an uncursed amulet of magic regeneration {unknown}
 t - a +4 ring of intelligence {unknown}
Scrolls
 e - a scroll of magic mapping {unknown}
 i - a scroll of fog {unknown}
 j - 2 scrolls of remove curse {unknown}
 k - a scroll of amnesia {unknown}
 l - a scroll of enchant weapon {unknown}
 n - a scroll of immolation {unknown}
 o - 4 scrolls of identify {unknown}
 r - 2 scrolls of enchant armour {unknown}
 s - a scroll of noise {unknown}
Potions
 d - 2 potions of might
 g - a potion of brilliance {unknown}
 p - a potion of flight {unknown}
 q - 2 potions of curing {unknown}
Comestibles
 f - 6 rations


   Skills:
 + Level 4.3 Fighting
 + Level 4.2 Maces & Flails
 + Level 4.4 Armour
 + Level 0.6 Dodging
 + Level 5.1 Shields


You had 4 spell levels left.
You didn't know any spells.
Your spell library was empty.

Dungeon Overview and Level Annotations

Branches:
Dungeon (3/15)

Altars:
Elyvilon
Fedhas
Makhleb
Okawaru
Xom


Innate Abilities, Weirdness & Mutations

You reflexively headbutt those who attack you in melee.
You have a pair of horns on your head.


Message History

Your shield and scale mail prevent you from hitting the jackal.
The jackal barely misses you. You furiously retaliate!
You headbutt the jackal.
You kill the jackal!
The jackal bites you.
* * * LOW HITPOINT WARNING * * *
You block the gnoll's attack. You block the jackal's attack.
The gnoll hits you from afar with a +0 halberd!
* * * LOW HITPOINT WARNING * * *
You feel very mighty all of a sudden.
You block the gnoll's attack. x2; You block the jackal's attack.
You closely miss the jackal.
The jackal bites you but does no damage.
You block the gnoll's attack. The gnoll barely misses you. x2
The jackal barely misses you. You furiously retaliate!
You headbutt the jackal!
You kill the jackal!
You barely miss the gnoll. You block the gnoll's attack.
The gnoll hits you with a +0 club.
* * * LOW HITPOINT WARNING * * *
The gnoll hits you but does no damage. The gnoll hits you with a +0 club.
You die...

.## ####..##.# #.#
_############.##.# #.#
##...............# ##.##
########[.....#.# #...#
#........# #...#######
#########........# #...).....#
.........÷.....g÷#####..######.#
########......g#>g......##.....#
#......#.@#.####.##)######
#......#.PP.# #.##.......
#.#.#.##....# #.##..####.
#.#.#.##P...####.##..# #.
#.#.#.##P..P...))....# #.
#.#.#.##########.###.# #.
#.#.#................# #.
#.#.############.##### #. #.#.#
#.# #.


You could see 3 gnolls.

Vanquished Creatures
  An orc wizard (D:3)
  A centaur skeleton (D:3)
  A gnoll (D:3)
  2 adders
  An adder skeleton (D:3)
  3 dart slugs
  6 leopard geckos
  2 orcs (D:3)
  9 bats
  4 giant cockroaches
  6 hobgoblins
  6 jackals (D:3)
  10 frilled lizards
  6 goblins
  2 kobolds
  A leopard gecko skeleton (D:3)
  10 rats
71 creatures vanquished.

Notes
Turn   | Place    | Note
-------+----------+-------------------------------------------
     0 | D:1      | misha the Minotaur Fighter began the quest for the Orb.
     0 | D:1      | Reached XP level 1. HP: 19/19 MP: 0/0
   215 | D:1      | Reached XP level 2. HP: 27/27 MP: 1/1
   224 | D:1      | Reached skill level 4 in Shields
   852 | D:2      | Reached XP level 3. HP: 31/33 MP: 2/2
   958 | D:2      | Found a burning altar of Makhleb.
  1349 | D:2      | Reached XP level 4. HP: 40/40 MP: 3/3
  1504 | D:2      | Found a white marble altar of Elyvilon.
  1711 | D:3      | Found a shimmering altar of Xom.
  1711 | D:3      | Found a blossoming altar of Fedhas.
  1718 | D:3      | Found a faded altar of an unknown god.
  1720 | D:3      | Found an iron altar of Okawaru.
  1722 | D:3      | Found a faded altar of an unknown god.
  2078 | D:3      | Reached XP level 5. HP: 46/46 MP: 4/4
  2129 | D:3      | Reached skill level 5 in Shields
  2133 | D:3      | HP: 2/46 [gnoll/+0 club (2)]
  2133 | D:3      | Slain by a gnoll

Skill      XL: |  1  2  3  4  5 |
---------------+----------------+-----
Shields        | 4 5 |  5.1
Fighting       | 4 |  4.3
Maces & Flails | 3 4 |  4.2
Armour         | 4 |  4.4
Dodging        | |  0.6

Action                   |  1- 3 |  4- 6 || total
-------------------------+-------+-------++-------
Melee: Flail             |   108 |    60 ||   168
       Headbutt          |    13 |     9 ||    22
  Use: Potion            |       |     1 ||     1
  Eat: Chunk             |     1 |     3 ||     4
Armor: Scale mail        |    60 |    36 ||    96
Dodge: Dodged            |    33 |    26 ||    59
Block: Shield            |    76 |    42 ||   118
